 Dungeon Crawl Stone Soup version 0.21.1-1-g345015f (webtiles) character file.

6713 Kagorn the Skirmisher (level 11, -16/126 HPs)
             Began as a Human Berserker on June 10, 2018.
             Was an Elder of Trog.
             Demolished by a two-headed ogre
             ... wielding a cursed +0 giant club
              (18 damage)
             ... on level 9 of the Dungeon.
             The game lasted 01:02:48 (8412 turns).

Kagorn the Skirmisher (Human Berserker)             Turns: 8412, Time: 01:02:48

Health: -16/126    AC:  8    Str: 23    XL:     11   Next: 23%
Magic:  15/15      EV: 16    Int:  7    God:    Trog [****..]
Gold:   48         SH:  0    Dex: 16    Spells: 10/10 levels left

rFire    + . .     SeeInvis .   u - +4 hand axe (vamp)
rCold    . . .     Gourm    .   (no shield)
rNeg     + . .     Faith    .   y - +1 ring mail of Kinuics {rF+ rCorr Slay+3 Stlth-}
rPois    .         Spirit   .   p - +0 helmet
rElec    .         Reflect  .   k - +0 cloak
rCorr    +         Harm     .   q - +0 pair of gloves
MR       ++...                  l - +0 pair of boots
Stlth    ..........             (no amulet)
HPRegen  1.31/turn              w - ring of positive energy
MPRegen  0.14/turn              (no ring)

@: berserking (expiring), corroded, regenerating, very quick
A: no striking features
a: Berserk, Trog's Hand, Brothers in Arms, Burn Spellbooks, Renounce Religion


You were on level 9 of the Dungeon.
You worshipped Trog.
Trog was greatly pleased with you.
You were very hungry.

You visited 1 branch of the dungeon, and saw 9 of its levels.

You collected 370 gold pieces.
You spent 322 gold pieces at shops.

Inventory:

Hand Weapons
 b - a +1 short sword of flaming
 j - a +2 dagger of speed
 o - a +3 quarterstaff
 r - a +1 flail of holy wrath
 s - a +1 scythe of venom
 u - a +4 vampiric hand axe (weapon)
 A - a +0 rapier of venom
 D - a +0 flail of protection
Missiles
 e - 16 tomahawks (quivered)
Armour
 k - a +0 cloak (worn)
 l - a +0 pair of boots (worn)
 p - a +0 helmet (worn)
 q - a +0 pair of gloves (worn)
 y - the +1 ring mail of Kinuics (worn) {rF+ rCorr Slay+3 Stlth-}
   (You found it on level 7 of the Dungeon)

   It affects your accuracy and damage with ranged weapons and melee attacks
   (+3).
   It protects you from fire.
   It protects you from acid and corrosion.
   It makes you less stealthy.
 B - a +0 plate armour
Magical Staves
 H - an uncursed staff of summoning {unknown}
Jewellery
 w - a ring of positive energy (left hand)
Wands
 a - a wand of random effects (39)
 n - a wand of iceblast (4)
 t - a wand of acid (7)
Scrolls
 g - 2 scrolls of teleportation
 m - 4 scrolls of remove curse
 x - 2 scrolls of magic mapping
 z - 8 scrolls of identify
Potions
 d - 2 potions of lignification
 f - a potion of flight
 h - a potion of brilliance
 i - a potion of might
 v - 2 potions of heal wounds
 E - a potion of curing
 F - a potion of degeneration {unknown}
 G - a potion of berserk rage
Books
 C - a book of Minor Magic

   Spells                             Type                      Level
   a - Magic Dart                     Conjuration                  1
   b - Blink                          Translocation                2
   c - Call Imp                       Summoning                    2
   d - Slow                           Hexes                        2
   e - Conjure Flame                  Conjuration/Fire             3
   f - Mephitic Cloud                 Conjuration/Poison/Air       3
   Trog disapproves of the use of such an item.
Comestibles
 c - 2 rations


   Skills:
 + Level 7.5 Fighting
 - Level 7.1 Short Blades
 * Level 2.8 Axes
 + Level 7.0 Armour
 + Level 7.0 Dodging
 + Level 7.3 Stealth
 + Level 5.9 Evocations


You had 10 spell levels left.
You didn't know any spells.

Dungeon Overview and Level Annotations

Branches:
Dungeon (9/15)             Temple (0/1) D:7
   Lair: D:8-11         Orc: D:9-12

Altars:
Ashenzari
Cheibriados
Dithmenos
Fedhas
Ru
Sif Muna
Xom
Yredelemnul
Zin

Shops:
D:8 !   D:9 ?


Message History

You slash the komodo dragon!
You feel better.
The komodo dragon is heavily wounded.
You hit the two-headed ogre.
You feel better. The two-headed ogre misses you.
The two-headed ogre barely misses you.
You hit the komodo dragon.
You feel better.
The komodo dragon is severely wounded.
You slash the two-headed ogre!
You feel better. The komodo dragon bites you!!
* * * LOW HITPOINT WARNING * * *
The two-headed ogre barely misses you. The two-headed ogre misses you.
You hit the two-headed ogre.
The two-headed ogre is heavily wounded.
You hit the komodo dragon but do no damage.
The komodo dragon bites you!
* * * LOW HITPOINT WARNING * * *
You slash the two-headed ogre!
The two-headed ogre is severely wounded.
You barely miss the komodo dragon. The komodo dragon barely misses you.
The two-headed ogre misses you.
The two-headed ogre hits you with a giant spiked club!!
You die...

##########.# #..#
...........###########..#########
.................................
#..............##################
################
##########.#..####
##..........##.#..###
#....###............##..#.
..###.##.#......@l........
##.######.#####..O........ ####
### #.##.....#... ..# ##........
### ###....# #.### ##


You could see a two-headed ogre and a komodo dragon.

Vanquished Creatures
  2 two-headed ogres
  A hippogriff (D:7)
  Sigmund (D:4)
  A wyvern (D:9)
  A yak (D:5)
  Menkaure (D:4)
  An acid dragon (D:9)
  Edmund (D:4)
  An orc warrior (D:6)
  3 black bears
  10 ogres
  A necrophage (D:9)
  2 phantoms
  5 centaurs
  2 crocodiles
  2 big kobolds (D:3)
  6 bullfrogs
  3 scorpions
  3 howler monkeys (D:8)
  5 crimson imps
  2 centaur zombies
  A quasit (D:7)
  A jelly (D:6)
  A centaur skeleton (D:9)
  4 bullfrog skeletons
  An orc priest (D:9)
  9 hounds
  4 orc wizards
  2 iguanas (D:7)
  4 worker ants
  A hound zombie (D:6)
  A howler monkey zombie (D:8)
  10 gnolls
  A howler monkey skeleton (D:9)
  14 adders
  2 shadow imps
  2 oozes
  An adder skeleton (D:7)
  An adder zombie (D:5)
  4 worms
  2 dart slugs
  7 leopard geckos
  23 orcs
  A giant cockroach (D:2)
  12 goblins
  9 hobgoblins
  14 jackals
  A quokka (D:6)
  2 ball pythons
  11 bats
  8 frilled lizards
  A jackal skeleton (D:7)
  19 kobolds
  A quokka skeleton (D:5)
  7 rats
  2 plants (D:7)
238 creatures vanquished.

Vanquished Creatures (others)
  4 plants (D:7)
4 creatures vanquished.

Grand Total: 242 creatures vanquished

Notes
Turn   | Place    | Note
-------+----------+-------------------------------------------
     0 | D:1      | Kagorn the Human Berserker began the quest for the Orb.
     0 | D:1      | Reached XP level 1. HP: 18/18 MP: 1/1
   327 | D:1      | Reached XP level 2. HP: 22/24 MP: 2/2
   526 | D:1      | Reached XP level 3. HP: 17/29 MP: 3/3
   733 | D:1      | Reached skill level 1 in Stealth
   958 | D:2      | Reached ** piety under Trog
   987 | D:2      | Reached XP level 4. HP: 24/35 MP: 4/4
  1297 | D:2      | Noticed a phantom
  1371 | D:2      | Killed a phantom
  1371 | D:2      | Reached XP level 5. HP: 10/42 MP: 5/5
  1898 | D:2      | Found a blossoming altar of Fedhas.
  2338 | D:3      | Noticed an ogre
  2355 | D:3      | Killed an ogre
  2355 | D:3      | Reached XP level 6. HP: 28/48 MP: 6/6
  2554 | D:3      | Found a glowing silver altar of Zin.
  2555 | D:3      | Found a shadowy altar of Dithmenos.
  2556 | D:3      | Found a snail-covered altar of Cheibriados.
  2558 | D:3      | Found a basalt altar of Yredelemnul.
  2634 | D:3      | HP: 1/48 [orc/hand axe (5)]
  2910 | D:3      | Reached XP level 7. HP: 40/54 MP: 7/7
  3177 | D:3      | Found a sacrificial altar of Ru.
  3265 | D:3      | Reached *** piety under Trog
  3282 | D:3      | Received a gift from Trog
  3534 | D:3      | Reached skill level 1 in Evocations
  3744 | D:3      | Found a deep blue altar of Sif Muna.
  3823 | D:4      | Noticed Menkaure
  4054 | D:4      | Killed Menkaure
  4095 | D:4      | Reached XP level 8. HP: 42/61 MP: 7/9
  4261 | D:4      | Noticed Sigmund
  4261 | D:4      | Noticed Edmund
  4276 | D:4      | Killed Sigmund
  4294 | D:4      | Killed Edmund
  4294 | D:4      | Reached skill level 5 in Fighting
  4294 | D:4      | Reached skill level 5 in Short Blades
  4365 | D:4      | Found a shattered altar of Ashenzari.
  4660 | D:5      | Entered Level 5 of the Dungeon
  4952 | D:5      | Found a sacrificial altar of Ru.
  4986 | D:5      | Reached XP level 9. HP: 68/68 MP: 11/11
  5367 | D:6      | Reached skill level 5 in Armour
  5367 | D:6      | Reached skill level 5 in Dodging
  5372 | D:6      | Reached skill level 5 in Stealth
  6112 | D:7      | Noticed a hippogriff
  6113 | D:7      | Got a jewelled ring mail
  6125 | D:7      | Killed a hippogriff
  6127 | D:7      | Identified the +1 ring mail of Kinuics {rF+ rCorr Slay+3 Stlth-} (You found it on level 7 of the Dungeon)
  6170 | D:7      | Found a staircase to the Ecumenical Temple.
  6247 | D:7      | Reached **** piety under Trog
  6258 | D:7      | Reached XP level 10. HP: 62/76 MP: 13/13
  6879 | D:8      | Noticed a two-headed ogre
  6894 | D:8      | Killed a two-headed ogre
  6894 | D:8      | Reached skill level 5 in Evocations
  6927 | D:8      | Found a shimmering altar of Xom.
  6928 | D:8      | Found a shimmering altar of Xom.
  6928 | D:8      | Found a shimmering altar of Xom.
  6928 | D:8      | Found a shimmering altar of Xom.
  6928 | D:8      | Found a shimmering altar of Xom.
  6928 | D:8      | Found a shimmering altar of Xom.
  6929 | D:8      | Found a shimmering altar of Xom.
  7282 | D:8      | Noticed a queen ant
  7291 | D:8      | Noticed a great orb of eyes
  7335 | D:8      | Found Hyhamos's Distillery.
  7343 | D:8      | Bought a potion of curing for 42 gold pieces
  7563 | D:8      | Noticed a guardian serpent
  7654 | D:9      | Found Vut Qejo's Magic Scroll Boutique.
  7665 | D:9      | Bought a scroll of identify for 32 gold pieces
  7665 | D:9      | Bought a scroll of remove curse for 48 gold pieces
  7665 | D:9      | Bought a scroll of remove curse for 48 gold pieces
  7665 | D:9      | Bought a scroll of enchant weapon for 120 gold pieces
  7665 | D:9      | Bought a scroll of identify for 32 gold pieces
  7921 | D:9      | Reached ***** piety under Trog
  7986 | D:9      | Noticed a two-headed ogre
  8004 | D:9      | Killed a two-headed ogre
  8004 | D:9      | Reached skill level 1 in Axes
  8004 | D:9      | Reached XP level 11. HP: 64/84 MP: 15/15
  8394 | D:9      | Noticed a two-headed ogre
  8404 | D:9      | HP: 5/126 [komodo dragon (20)]
  8411 | D:9      | HP: 1/126 [komodo dragon (17)]
  8412 | D:9      | Demolished by a two-headed ogre

Skill      XL: |  1  2  3  4  5  6  7  8  9 10 11 |
---------------+----------------------------------+-----
Stealth        | 1 2 3 4 5 7 |  7.3
Armour         | 3 4 5 6 7 |  7.0
Dodging        | 3 4 5 6 7 |  7.0
Fighting       | 4 5 6 7 |  7.5
Short Blades   | 4 5 6 7 |  7.1
Evocations     | 1 2 4 5 |  5.9
Axes           | 1 2 |  2.8

Action                   |  1- 3 |  4- 6 |  7- 9 | 10-12 || total
-------------------------+-------+-------+-------+-------++-------
Melee: Short sword       |    97 |   202 |    10 |       ||   309
       Quarterstaff      |       |       |   150 |       ||   150
       Dagger            |       |       |    98 |       ||    98
       Scythe            |       |       |    34 |       ||    34
       Hand axe          |       |       |    68 |   353 ||   421
Invok: Trog's Hand       |       |     3 |     3 |     3 ||     9
       Berserk           |       |     1 |     3 |     3 ||     7
  Use: Scroll            |       |       |    11 |     5 ||    16
       Potion            |       |       |     7 |     1 ||     8
 Stab: Sleeping          |     3 |       |       |       ||     3
  Eat: Ration            |       |     3 |     5 |     3 ||    11
       Chunk             |       |       |     1 |       ||     1
Armor: Leather armour    |    20 |    43 |    32 |       ||    95
       Animal skin       |     1 |       |       |       ||     1
       Skin              |       |       |    13 |       ||    13
       Scale mail        |       |       |    16 |       ||    16
       Plate armour      |       |       |   111 |       ||   111
       Ring mail         |       |       |    26 |   170 ||   196
Dodge: Dodged            |    53 |   145 |   230 |   379 ||   807
